 Dungeon Crawl Stone Soup version 0.23.2 (webtiles) character file.

Game seed: 18340081936917640112

110926 DrKleor the Bludgeoner (level 16, -10/289 HPs)
             Began as an Ogre Hunter on Apr 11, 2019.
             Was the Champion of Okawaru.
             Mangled by a deep troll (19 damage)
             ... on level 15 of the Dungeon.
             The game lasted 02:06:12 (40733 turns).

DrKleor the Bludgeoner (Ogre Hunter)               Turns: 40733, Time: 02:06:13

Health: -10/289    AC: 11    Str: 34    XL:     16   Next: 56%
Magic:  0/16       EV: 20    Int: 12    God:    Okawaru [******]
Gold:   2163       SH:  4    Dex: 16    Spells: 15/15 levels left

rFire    . . .     SeeInvis .   a - +6 great mace "Lupsao" {speed, rC+}
rCold    + . .     Gourm    .   (shield currently unavailable)
rNeg     . . .     Faith    .   W - +0 troll leather armour
rPois    .         Spirit   +   I - +2 hat
rElec    .         Reflect  +   n - scarf {Spirit}
rCorr    .         Harm     .   (gloves unavailable)
MR       +....                  (boots unavailable)
Stlth    ..........             U - +4 amulet of reflection
HPRegen  0.98/turn              K - ring of Coshu {AC+2 Str+4}
MPRegen  0.15/turn              e - +5 ring of dexterity

@: berserking, lethally poisoned (-10 -> -11), heroism, very quick
A: large, unfitting armour, thin skeletal structure 1, robust 1, tough skin 1,
wild magic 1
a: Heroism, Finesse, Renounce Religion


You were on level 15 of the Dungeon.
You worshipped Okawaru.
Okawaru was exalted by your worship.
You were hungry.

You visited 5 branches of the dungeon, and saw 25 of its levels.
You also visited: Ice Cave and Volcano.

You collected 3553 gold pieces.
You spent 1390 gold pieces at shops.

Inventory:

Hand Weapons
 a - the +6 great mace "Lupsao" (weapon) {speed, rC+}
   (Okawaru gifted it to you in an ice cave)

   Attacks with this weapon are significantly faster.
   It protects you from cold.
 b - a +0 blowgun
Missiles
 c - 27 large rocks (quivered)
 d - 3 throwing nets
 z - 66 poisoned needles
 A - 14 curare-tipped needles
 Q - 13 silver javelins
 Z - 2 needles of sleeping
Armour
 n - a scarf of spirit shield (worn)
 I - a +2 hat (worn)
 W - a +0 troll leather armour (worn)
Jewellery
 e - a +5 ring of dexterity (right hand)
 o - an uncursed ring of protection from magic
 q - an uncursed amulet of regeneration {unknown}
 C - an uncursed ring of flight
 D - an uncursed ring of poison resistance
 K - the ring of Coshu (left hand) {AC+2 Str+4}
   (You found it on level 6 of the Lair of Beasts)

   [ring of protection]

   It affects your AC (+2).
   It affects your strength (+4).
 U - a +4 amulet of reflection (around neck)
Wands
 i - a wand of clouds (3)
 x - a wand of disintegration (38)
 J - a wand of paralysis (3)
 O - a wand of iceblast (26)
 V - a wand of acid (16)
Scrolls
 j - 6 scrolls of enchant armour
 k - a scroll of acquirement {unknown}
 m - a scroll of random uselessness {unknown}
 t - 10 scrolls of remove curse
 u - 7 scrolls of teleportation
 y - 5 scrolls of amnesia
 B - 3 scrolls of magic mapping
 E - 4 scrolls of fog {unknown}
 L - 5 scrolls of enchant weapon {unknown}
 M - 3 scrolls of blinking {unknown}
 P - a scroll of silence
 R - a scroll of fear
 S - a scroll of noise {unknown}
Potions
 g - 9 potions of lignification
 h - 5 potions of heal wounds
 p - 2 potions of resistance
 r - 2 potions of invisibility
 s - 6 potions of haste
 v - 2 potions of ambrosia {unknown}
 w - 2 potions of mutation
 F - 4 potions of might
 G - 7 potions of curing
 H - 2 potions of agility
 T - a potion of flight
 X - 2 potions of brilliance
 Y - 3 potions of magic
Comestibles
 f - 37 rations


   Skills:
 - Level 15.5(20.5) Fighting
   Level 1.1(6.1) Short Blades
 * Level 18.2(23.2) Maces & Flails
 - Level 10.1(15.1) Throwing
 + Level 7.3(12.3) Armour
 - Level 10.0(15.0) Dodging
 - Level 0.6(5.6) Stealth


You had 15 spell levels left.
You didn't know any spells.
Your spell library contained the following spells:

 Spells                   Type           Power        Failure   Level  Hunger
 Apportation              Tloc           #.....       43%         1    ##.....
 Beastly Appendage        Tmut           #.....       43%         1    ##.....
 Confusing Touch          Hex            #.....       43%         1    ##.....
 Magic Dart               Conj           #...         43%         1    ##.....
 Sandblast                Erth           #.....       43%         1    ##.....
 Summon Butterflies       Summ           #.......     43%         1    ##.....
 Blink                    Tloc           N/A          56%         2    ###....
 Passwall                 Tmut/Erth      #.......     56%         2    ###....
 Searing Ray              Conj           #.....       56%         2    ###....
 Shroud of Golubria       Chrm/Tloc      #.........   56%         2    ###....
 Sticks to Snakes         Tmut           #.......     56%         2    ###....
 Call Canine Familiar     Summ           #.......     78%         3    ####...
 Confuse                  Hex            #.......     78%         3    ####...
 Dazzling Spray           Conj/Hex       #.....       78%         3    ####...
 Gell's Gravitas          Tloc           #.........   78%         3    ####...
 Lesser Beckoning         Tloc           #.........   78%         3    ####...
 Spider Form              Tmut/Pois      #.........   78%         3    ####...
 Stone Arrow              Conj/Erth      #.....       78%         3    ####...
 Tukima's Dance           Hex            #.......     78%         3    ####...
 Vampiric Draining        Necr           #.........   78%         3    ####...
 Force Lance              Conj/Tloc      #.......     99%         4    #####..
 Fulminant Prism          Conj/Hex       #.........   99%         4    #####..
 Ice Form                 Ice/Tmut       #.......     99%         4    #####..
 Iskenderun's Mystic Bla  Conj           #.......     99%         4    #####..
 Petrify                  Tmut/Erth      #.......     99%         4    #####..
 Sticky Flame             Conj/Fire      #.......     99%         4    #####..
 Summon Ice Beast         Ice/Summ       #.......     99%         4    #####..
 Alistair's Intoxication  Tmut/Pois      #.......     100%        5    ######.
 Blade Hands              Tmut           #.........   100%        5    ######.
 Borgnjor's Vile Clutch   Necr/Erth      #.........   100%        5    ######.
 Lee's Rapid Deconstruct  Erth           #.........   100%        5    ######.
 Metabolic Englaciation   Hex/Ice        #.........   100%        5    ######.
 Summon Mana Viper        Hex/Summ       #.......     100%        5    ######.
 Yara's Violent Unravell  Hex/Tmut       #.........   100%        5    ######.
 Bolt of Cold             Conj/Ice       #.........   100%        6    #######
 Freezing Cloud           Conj/Ice/Air   #.........   100%        6    #######
 Invisibility             Hex            #.......     100%        6    #######
 Ozocubu's Refrigeration  Ice            #.........   100%        6    #######
 Simulacrum               Ice/Necr       #.........   100%        6    #######
 Summon Hydra             Summ           #.........   100%        7    #######


Dungeon Overview and Level Annotations

Branches:
Dungeon (15/15)            Temple (1/1) D:6            Lair (6/6) D:9
  Swamp (0/4) Lair:3       Spider (0/4) Lair:4        Slime (0/5) Lair:5
    Orc (2/2) D:11            Elf (0/3) Orc:2        Vaults (0/5) D:14
 Depths (1/5) D:15

Altars:
Ashenzari
Cheibriados
Dithmenos
Elyvilon
Fedhas
Gozag
Hepliaklqana
Kikubaaqudgha
Makhleb
Nemelex Xobeh
Okawaru
Qazlal
Ru
Sif Muna
Trog
Uskayaw
Vehumet
Wu Jian
Xom
Yredelemnul
Zin
The Shining One
Beogh

Shops:
D:7 %   D:8 (   D:11 %*[[!   D:13 [}[!   Orc:2 %:%[

Portals:
Pandemonium: Orc:2
Trove: D:12 (give 9 potions of haste)


Innate Abilities, Weirdness & Mutations

You are too large for most types of armour.
You have tough skin. (AC +1)
You have a somewhat thin skeletal structure. (Dex +2, Stealth)
You are robust. (+10% HP)
Your spells are a little harder to cast, but a little more powerful.


Message History

You block the deep troll's attack. The deep troll claws you!
* * * LOW HITPOINT WARNING * * *
The deep troll claws you!
* * * LOW HITPOINT WARNING * * *
You feel much better.
You feel sick. The redback completely misses you.
The deep troll closely misses you. The deep troll misses you.
The deep troll claws you!
* * * LOW HITPOINT WARNING * * *
You block the redback's attack. The deep troll closely misses you.
The deep troll claws you.
* * * LOW HITPOINT WARNING * * *
The deep troll claws you.
* * * LOW HITPOINT WARNING * * *
A red film seems to cover your vision as you go berserk!
You feel yourself moving faster!
You feel mighty!
You feel sick. The redback bites you!
* * * LOW HITPOINT WARNING * * *
You block the deep troll's attack. The deep troll misses you. x2
The deep troll bites you!!
You die...

####.##...................###)..#
.....###'##############...####(.#
.................................
.....###.################.#####.#
####.....# #.# #.. '..'.....#
########.######. ####.....#
##.....##........ #####.#
##Ts.....########. ##### #.#
#@s#####.....## #. ....# #.#
##Ts.....##...###. ....####.#
##.....###.8..##.
.......#.################......##
######.#..............##.#.......
######.##############.##...(#####
....................#.##.#(.((.(.
######.######.......#.##.#.######
#.#.####.####..#.##.#.#


You could see 2 deep trolls and 3 redbacks.

Vanquished Creatures
  A tengu reaver (D:15)
  An ironheart preserver (D:14)
  A stone giant (Depths:1)
  A red draconian (Volcano)
  A white draconian (IceCv)
  2 fire dragons
  Josephine (Lair:4)
  The ghost of Birdy the Fighter, a journeyman CeGl of Wu Jian (Lair:1)
  An ice dragon (D:15)
  5 hydras
  5 centaur warriors
  A merfolk avatar (Lair:6)
  7 two-headed ogres
  6 death yaks (Lair:6)
  A tengu warrior (D:15)
  7 orc high priests
  A soul eater (Orc:2)
  A sun demon (Orc:2)
  2 gelid demonspawn (Orc:2)
  An infernal demonspawn (Orc:2)
  9 skeletal warriors
  2 sea snakes (Lair:6)
  4 unseen horrors
  4 wizards
  A torturous demonspawn (Orc:2)
  4 harpies
  A harpy (shapeshifter) (D:13)
  6 orc knights
  4 deep elf magi (D:14)
  7 orc sorcerers
  An ugly thing (D:14)
  2 cyclopes
  3 manticores
  An oklob plant (Lair:5)
  14 elephants
  A black mamba (Lair:4)
  4 centaur zombies
  A molten gargoyle (Volcano)
  A torpor snail (Lair:6)
  A gargoyle (D:15)
  An ice statue (IceCv)
  16 spiny frogs
  A freezing wraith (D:15)
  3 centaur skeletons
  5 rime drakes
  11 komodo dragons
  A demonic crawler (Lair:4)
  A red devil (Orc:2)
  A hellwing (Orc:2)
  3 yaktaurs (Volcano)
  A tengu conjurer (D:15)
  8 trolls
  A redback zombie (D:15)
  16 polar bears
  A tyrant leech (Lair:3)
  3 meliai (D:15)
  4 hornets
  9 blink frogs
  Prince Ribbit (D:6)
  3 spriggans (Lair:1)
  11 hippogriffs
  Sigmund (D:2)
  2 redbacks (D:15)
  4 wraiths (Lair:4)
  A ynoxinul (Orc:2)
  3 hogs (D:8)
  A human (D:8)
  2 wyverns
  8 fire bats (Volcano)
  A fire elemental (D:14)
  42 yaks
  A hungry ghost (D:15)
  7 wargs
  A swamp worm (Lair:3)
  A soldier ant (D:14)
  2 acid dragons
  11 water moccasins
  8 porcupines
  3 ice beasts
  36 orc warriors
  A black bear (D:11)
  2 sky beasts
  24 wolves
  An eye of draining (D:13)
  2 phantoms
  A necrophage (D:7)
  10 centaurs
  15 ogres
  13 crocodiles
  Blork the orc (D:5)
  18 bullfrogs
  A wyvern zombie (D:15)
  A wyvern skeleton (D:13)
  9 scorpions
  9 wights
  3 howler monkeys (D:8)
  11 crimson imps
  5 hounds
  2 bullfrog zombies
  6 lava snakes (Volcano)
  3 jellies
  3 bullfrog skeletons
  26 orc priests
  Crazy Yiuf (D:2)
  An iron imp (D:9)
  6 iguanas
  11 worker ants
  24 orc wizards
  A hound zombie (D:7)
  A hound skeleton (D:3)
  10 gnolls
  21 adders
  A shadow imp (D:8)
  12 white imps (D:14)
  An adder skeleton (D:4)
  An adder zombie (D:6)
  3 worms
  4 dart slugs
  3 leopard geckos
  79 orcs
  10 bats
  2 giant cockroaches
  6 hobgoblins
  14 jackals
  6 kobolds
  3 quokkas
  5 frilled lizards
  7 goblins
  2 jackal skeletons
  2 leopard gecko skeletons
  A quokka zombie (D:5)
  8 rats
  2 fungi (Lair:6)
  2 plants (Lair:6)
771 creatures vanquished.

Vanquished Creatures (others)
  2 yaks
  29 fungi
  37 plants
68 creatures vanquished.

Grand Total: 839 creatures vanquished

Notes
Turn   | Place    | Note
-------+----------+-------------------------------------------
     0 | D:1      | DrKleor the Ogre Hunter began the quest for the Orb.
     0 | D:1      | Reached XP level 1. HP: 22/22 MP: 1/1
    80 | D:1      | Reached XP level 2. HP: 29/29 MP: 2/2
   607 | D:2      | Noticed Sigmund
   687 | D:2      | Reached XP level 3. HP: 32/36 MP: 3/3
  1025 | D:2      | Reached skill level 1 in Short Blades
  1029 | D:2      | Reached skill level 5 in Throwing
  1495 | D:2      | Reached XP level 4. HP: 39/45 MP: 4/4
  1619 | D:2      | Found a runed translucent door.
  1620 | D:2      | Noticed Crazy Yiuf
  1624 | D:2      | Killed Crazy Yiuf
  1624 | D:2      | Reached skill level 1 in Maces & Flails
  1856 | D:2      | Killed Sigmund
  1856 | D:2      | Reached skill level 2 in Maces & Flails
  1856 | D:2      | Reached XP level 5. HP: 36/54 MP: 5/5
  1856 | D:2      | Reached XP level 6. HP: 41/62 MP: 6/6
  2201 | D:3      | Found a shimmering altar of Xom.
  2439 | D:3      | Reached skill level 3 in Maces & Flails
  2827 | D:3      | Found a blossoming altar of Fedhas.
  3144 | D:4      | Got a distressingly furry robe
  3261 | D:4      | Identified the cursed +1 robe of the Abyss {Int+9 Dex-2}
                  | (You found it on level 4 of the Dungeon)
  3271 | D:4      | Reached XP level 7. HP: 71/71 MP: 7/7
  3279 | D:4      | Reached skill level 5 in Fighting
  3453 | D:4      | Reached skill level 4 in Maces & Flails
  3550 | D:4      | Got a pitted short sword
  3558 | D:4      | Identified the +7 short sword "Baoniof" {holy, rF+ Str+4}
                  | (You found it on level 4 of the Dungeon)
  4665 | D:5      | Entered Level 5 of the Dungeon
  5156 | D:5      | Reached XP level 8. HP: 33/83 MP: 8/8
  5403 | D:5      | Reached skill level 5 in Maces & Flails
  5601 | D:5      | Noticed Blork the orc
  5744 | D:5      | Killed Blork the orc
  6494 | D:6      | Reached skill level 6 in Maces & Flails
  6936 | D:6      | Reached XP level 9. HP: 64/93 MP: 9/9
  7219 | D:6      | Reached skill level 7 in Maces & Flails
  7494 | D:6      | Found a white marble altar of Elyvilon.
  7622 | D:6      | Found a staircase to the Ecumenical Temple.
  7645 | Temple   | Entered the Ecumenical Temple
  8264 | D:6      | Noticed Prince Ribbit
  8751 | D:6      | Killed Prince Ribbit
  9902 | D:7      | Noticed a hornet
  9914 | D:7      | Killed a hornet
  9914 | D:7      | Reached skill level 8 in Maces & Flails
 10190 | D:7      | Found a white marble altar of Elyvilon.
 10528 | D:7      | Found Naka Fosm's Food Shoppe.
 11087 | D:8      | Found a sparkling altar of Nemelex Xobeh.
 11116 | D:8      | Found Yreab's Antique Weapon Boutique.
 11125 | D:8      | Bought a smoking quarterstaff for 234 gold pieces
 11125 | D:8      | Identified the +8 quarterstaff "Tachypso" {crush, *Rage
                  | Dex+5} (You bought it in a shop on level 8 of the Dungeon)
 11135 | D:8      | Reached XP level 10. HP: 101/106 MP: 10/10
 11774 | D:8      | Reached skill level 9 in Maces & Flails
 12655 | D:9      | Reached skill level 10 in Fighting
 12873 | D:9      | Found a staircase to the Lair.
 13064 | D:9      | Found a bloodstained altar of Trog.
 13411 | D:9      | Found a snail-covered altar of Cheibriados.
 13591 | D:9      | Found an iron altar of Okawaru.
 13609 | D:9      | Became a worshipper of Warmaster Okawaru
 13940 | D:9      | Found a radiant altar of Vehumet.
 14225 | D:10     | Entered Level 10 of the Dungeon
 14693 | D:10     | Reached skill level 10 in Maces & Flails
 14926 | D:10     | Reached * piety under Okawaru
 15551 | D:11     | Found Jalyud's Food Shoppe.
 15572 | D:11     | Reached XP level 11. HP: 94/118 MP: 8/11
 15674 | D:11     | Found Egroserph's Armour Boutique.
 15682 | D:11     | Bought the +2 robe of Purpose {Dex+7} for 356 gold pieces
 15733 | D:11     | Found Juem's Armour Boutique.
 15823 | D:11     | Noticed a seven-headed hydra
 15899 | Lair:1   | Entered Level 1 of the Lair of Beasts
 16308 | Lair:1   | Found a runed translucent door.
 16310 | Lair:1   | Noticed Birdy's ghost (journeyman CeGl)
 16311 | Lair:1   | Identified the +4 spear of Gaoz {venom, Dex+2}
 16428 | Lair:1   | Reached ** piety under Okawaru
 17287 | Lair:1   | Reached skill level 10 in Throwing
 17299 | Lair:1   | Killed Birdy's ghost
 17299 | Lair:1   | Reached skill level 11 in Maces & Flails
 17302 | Lair:1   | Reached *** piety under Okawaru
 18409 | Lair:2   | Noticed a seven-headed hydra
 19061 | Lair:3   | Reached **** piety under Okawaru
 19135 | Lair:3   | Reached XP level 12. HP: 82/131 MP: 7/12
 19499 | Lair:3   | Reached skill level 12 in Maces & Flails
 19686 | Lair:3   | Found a staircase to the Swamp.
 20344 | Lair:4   | Reached ***** piety under Okawaru
 20596 | Lair:4   | Noticed Josephine
 20611 | Lair:4   | Killed Josephine
 20695 | Lair:4   | Found a hole to the Spider Nest.
 20871 | Lair:4   | Received a gift from Okawaru
 21521 | Lair:4   | Reached skill level 5 in Dodging
 22021 | Lair:5   | Noticed a four-headed hydra
 22028 | Lair:5   | Killed a four-headed hydra
 22028 | Lair:5   | Reached skill level 13 in Maces & Flails
 22453 | Lair:5   | Noticed a seven-headed hydra
 22640 | Lair:5   | Found a staircase to the Slime Pits.
 22685 | Lair:5   | Reached XP level 13. HP: 143/143 MP: 13/13
 22718 | Lair:5   | Received a gift from Okawaru
 23618 | Lair:6   | Entered Level 6 of the Lair of Beasts
 23929 | Lair:6   | Received a gift from Okawaru
 24478 | Lair:6   | Received a gift from Okawaru
 24554 | Lair:6   | Received a gift from Okawaru
 24560 | Lair:6   | Reached ****** piety under Okawaru
 24630 | Lair:6   | Reached skill level 14 in Maces & Flails
 25268 | Lair:6   | Received a gift from Okawaru
 25909 | Lair:6   | Reached XP level 14. HP: 154/157 MP: 8/14
 25913 | Lair:6   | Reached skill level 15 in Fighting
 26129 | Lair:6   | Got a steaming robe {god gift}
 26140 | Lair:6   | Identified the +0 robe of Faolija {Dex+3} (Okawaru gifted
                  | it to you on level 6 of the Lair of Beasts)
 27340 | Lair:6   | Reached skill level 15 in Maces & Flails
 27483 | Lair:6   | Got a scintillating wooden ring
 27496 | Lair:6   | Identified the ring of Coshu {AC+2 Str+4} (You found it on
                  | level 6 of the Lair of Beasts)
 28349 | D:11     | Found a staircase to the Orcish Mines.
 28667 | D:11     | Identified Voubuas's Disquisition on Unstable Evil
 28731 | D:11     | Found Ruplow's Assorted Antiques.
 28851 | D:11     | Found Warchaduips's Distillery.
 29781 | D:12     | Reached skill level 1 in Armour
 29999 | D:12     | Found an iron altar of Okawaru.
 30064 | D:12     | Received a gift from Okawaru
 30291 | D:12     | Found a portal to a secret trove of treasure.
 30398 | D:13     | Found Deurphoda's Gadget Emporium.
 30453 | D:13     | Found Kag Kisch's Jewellery Emporium.
 30484 | D:13     | Found Serurchoata's Distillery.
 30688 | D:13     | Found Ypaekhly's Armour Emporium.
 30780 | D:13     | Found Kamomun's Armour Boutique.
 30793 | D:13     | Received a gift from Okawaru
 31646 | D:14     | Found a frozen archway.
 31669 | D:14     | Found a burning altar of Makhleb.
 31673 | IceCv    | Entered an ice cave
 32033 | IceCv    | Got a twisted lajatang
 32034 | IceCv    | Identified the +0 lajatang "Guimum" {elec, rF+ Str+3} (You
                  | found it in an ice cave)
 32067 | IceCv    | Received a gift from Okawaru
 32070 | IceCv    | Got a faintly glowing great mace {god gift}
 32071 | IceCv    | Identified the +6 great mace "Lupsao" {speed, rC+} (Okawaru
                  | gifted it to you in an ice cave)
 32301 | IceCv    | Reached XP level 15. HP: 167/167 MP: 15/15
 32316 | IceCv    | Reached skill level 16 in Maces & Flails
 33090 | D:14     | Received a gift from Okawaru
 33386 | D:14     | Received a gift from Okawaru
 33389 | D:14     | Got a faintly glowing demon whip {god gift}
 33398 | D:14     | Identified the +3 demon whip of Crusades {drain, *Contam
                  | *Slow Dex+5 SInv} (Okawaru gifted it to you on level 14 of
                  | the Dungeon)
 33490 | D:14     | Gained mutation: Scrolls take you a little longer to read.
                  | [mutagenic glow]
 33777 | D:14     | Found a gate to the Vaults.
 34451 | D:14     | Identified Sif Muna's Guide on Clay and Heat
 34665 | D:11     | Bought a potion of mutation for 120 gold pieces
 34665 | D:11     | Lost mutation: Scrolls take you a little longer to read.
                  | [potion of mutation]
 34665 | D:11     | Gained mutation: You are robust. (+10% HP) [potion of
                  | mutation]
 34665 | D:11     | Gained mutation: Your spells are a little harder to cast,
                  | but a little more powerful. [potion of mutation]
 34665 | D:11     | Gained mutation: You have a somewhat thin skeletal
                  | structure. (Dex +2, Stealth) [potion of mutation]
 34818 | D:15     | Entered Level 15 of the Dungeon
 35292 | D:15     | Received a gift from Okawaru
 35506 | D:15     | Reached skill level 10 in Dodging
 35908 | D:15     | Received a gift from Okawaru
 35908 | D:15     | Reached skill level 5 in Armour
 36218 | D:15     | Found a blossoming altar of Fedhas.
 36321 | D:15     | Found a staircase to the Depths.
 36502 | Orc:1    | Entered Level 1 of the Orcish Mines
 36520 | Orc:1    | Reached skill level 17 in Maces & Flails
 36643 | Orc:1    | Found a dark tunnel.
 36654 | Volcano  | Entered a volcano
 37004 | Volcano  | Found a radiant altar of Vehumet.
 37301 | Orc:1    | Received a gift from Okawaru
 37572 | Orc:1    | Found a roughly hewn altar of Beogh.
 37583 | Orc:1    | Reached XP level 16. HP: 193/193 MP: 16/16
 37757 | Orc:2    | Entered Level 2 of the Orcish Mines
 37783 | Orc:2    | Found a staircase to the Elven Halls.
 38176 | Orc:2    | Received a gift from Okawaru
 38453 | Orc:2    | Found Ekiejar's Food Boutique.
 38455 | Orc:2    | Found Dazoyf's Food Shop.
 39540 | Orc:2    | Found Soazimi's Antique Armour Shoppe.
 39540 | Orc:2    | Found Fustraoko's Book Emporium.
 39540 | Orc:2    | Found a one-way gate leading to the halls of Pandemonium.
 39543 | Orc:2    | Reached skill level 18 in Maces & Flails
 39721 | D:11     | Bought 2 potions of haste for 300 gold pieces
 39721 | D:11     | Bought a potion of haste for 150 gold pieces
 39721 | D:11     | Bought a potion of might for 60 gold pieces
 39808 | D:13     | Bought a potion of haste for 170 gold pieces
 39932 | Depths:1 | Entered Level 1 of the Depths
 40094 | Depths:1 | Found a shattered altar of Ashenzari.
 40328 | Depths:1 | Noticed a tengu reaver
 40726 | D:15     | Killed a tengu reaver
 40733 | D:15     | HP: 9/289 [redback (11)]
 40733 | D:15     | Mangled by a deep troll

Skill      XL: |  1  2  3  4  5  6  7  8  9 10 11 12 13 14 15 16 |
---------------+-------------------------------------------------+-----
Short Blades   | 1 |  1.1
Fighting       | 3 4 5 7 9 10 12 13 14 15 | 15.5
Throwing       | 5 6 7 8 9 10 | 10.1
Maces & Flails | 2 3 4 6 8 10 11 13 14 15 17 18 | 18.2
Dodging        | 3 5 7 9 10 | 10.0
Armour         | 3 5 7 |  7.3
Stealth        | |  0.6

Action                   |  1- 3 |  4- 6 |  7- 9 | 10-12 | 13-15 | 16-18 || total
-------------------------+-------+-------+-------+-------+-------+-------++-------
Melee: Short sword       |   108 |    16 |   320 |       |       |       ||   444
       Quarterstaff      |       |    37 |    26 |   537 |   656 |       ||  1256
       Great mace        |       |       |       |       |   521 |   278 ||   799
 Fire: Blowgun           |       |    10 |    60 |    84 |    72 |       ||   226
Throw: Large rock        |    10 |     1 |     9 |    19 |    20 |     1 ||    60
       Throwing net      |       |       |     1 |       |       |       ||     1
Invok: Heroism           |       |       |       |     3 |    13 |     1 ||    17
       Finesse           |       |       |       |       |     2 |       ||     2
Evoke: Wand              |       |       |     1 |       |       |       ||     1
  Use: Scroll            |       |       |     7 |     8 |     9 |       ||    24
       Potion            |       |       |       |     1 |     9 |     2 ||    12
 Stab: Sleeping          |     1 |     9 |     7 |     8 |     5 |     1 ||    31
       Held in net/web   |       |       |     1 |       |       |       ||     1
       Distracted        |       |       |       |     1 |     1 |       ||     2
       Invisible         |       |       |       |       |     1 |       ||     1
  Eat: Chunk             |     1 |    10 |    29 |    28 |    34 |    10 ||   112
       Ration            |       |       |       |       |     4 |       ||     4
Armor: Robe              |    33 |    11 |    81 |    93 |    73 |       ||   291
       Troll leather arm |       |       |       |       |   153 |    49 ||   202
Dodge: Dodged            |    63 |    15 |   150 |   238 |   638 |   186 ||  1290
Block: Other             |       |       |       |    40 |   161 |    45 ||   246
       Reflection        |       |       |       |       |     4 |     3 ||     7
